 Dungeon Crawl Stone Soup version 0.19.1 (webtiles) character file.

1582 redy5 the Cleaver (level 8, -17/73 HPs)
             Began as a Minotaur Berserker on Dec 6, 2016.
             Was a Priest of Trog.
             Demolished by loom's ghost (19 damage)
             ... on level 6 of the Dungeon.
             The game lasted 00:18:37 (5197 turns).

redy5 the Cleaver (Minotaur Berserker)              Turns: 5197, Time: 00:18:37

Health: -17/73     AC: 10    Str: 22    XL:     8   Next: 60%
Magic:  7/7        EV:  9    Int:  4    God:    Trog [***...]
Gold:   334        SH:  0    Dex: 14    Spells: 0 memorised, 7 levels left

rFire  . . .     SeeInvis .     x - +0 war axe
rCold  . . .     Gourm    .     r - +0 chain mail
rNeg   . . .     Faith    .     (no shield)
rPois  .         Spirit   .     (helmet restricted)
rElec  .         Reflect  .     (no cloak)
rCorr  .         Harm     .     (no gloves)
MR     .....                    (no boots)
Stlth  ..........               c - amulet of rage
                                o - +2 ring of dexterity
                                l - ring of loudness (curse)

@: exhausted, very slightly contaminated, hasted and slowed
A: retaliatory headbutt, horns 2
a: Berserk, Trog's Hand, Burn Spellbooks, Renounce Religion, Evoke Berserk Rage


You were on level 6 of the Dungeon.
You worshipped Trog.
Trog was most pleased with you.
You were very hungry.

You visited 2 branches of the dungeon, and saw 7 of its levels.
You also visited: Sewer.

You collected 334 gold pieces.

Inventory:

Hand Weapons
 a - a +0 hand axe
 w - a cursed -2 halberd
 x - a +0 war axe (weapon)
Missiles
 E - 5 needles of frenzy
Armour
 b - a +0 animal skin
 d - a +0 ring mail
 k - a +0 robe
 p - a +0 scale mail
 r - a +0 chain mail (worn)
Jewellery
 c - an amulet of rage (around neck)
 l - a cursed ring of loudness (left hand)
 o - a +2 ring of dexterity (right hand)
Scrolls
 g - 3 scrolls of enchant armour {unknown}
 h - 2 scrolls of fog {unknown}
 i - 6 scrolls of identify
 j - 2 scrolls of fear {unknown}
 s - a scroll of noise {unknown}
 u - a scroll of remove curse {unknown}
 v - a scroll of recharging {unknown}
 y - a scroll of amnesia {unknown}
 A - 4 scrolls of teleportation {unknown}
 B - a scroll of magic mapping {unknown}
Potions
 e - 2 potions of flight {unknown}
 f - a potion of cancellation {unknown}
 m - 2 potions of curing {unknown}
 q - a potion of degeneration {unknown}
 t - a potion of brilliance {unknown}
 z - a potion of haste
 C - a potion of might {unknown}
Comestibles
 D - 5 fruits


   Skills:
 + Level 7.3 Fighting
 * Level 10.0 Axes
 + Level 6.9 Armour
 - Level 2.2 Dodging


You had 7 spell levels left.
You didn't know any spells.

Dungeon Overview and Level Annotations

Branches:
Dungeon (6/15)             Temple (1/1) D:6

Altars:
Ashenzari
Dithmenos
Elyvilon
Gozag
Hepliaklqana
Makhleb
Nemelex Xobeh
Okawaru
Qazlal
Ru
Sif Muna
Trog
Uskayaw
Vehumet
Xom
Yredelemnul
Zin
The Shining One

Annotations:
D:6 loom's ghost, novice MfBe


Innate Abilities, Weirdness & Mutations

You reflexively headbutt those who attack you in melee.
You have a pair of horns on your head.


Message History

Loom's ghost is lightly damaged.
You hit loom's ghost. Your headbutt misses loom's ghost.
Loom's ghost is lightly damaged.
Loom's ghost hits you!
You slash loom's ghost!
You headbutt loom's ghost, but do no damage.
Loom's ghost is moderately damaged.
Loom's ghost hits you!
You feel a strong urge to attack something.
You are no longer berserk.
You pass out from exhaustion.
You feel yourself slow down. Loom's ghost hits you.
You are feeling very hungry.
Loom's ghost hits you! Loom's ghost hits you!!
* * * LOW HITPOINT WARNING * * *
You can move again.
You feel yourself speed up. Loom's ghost hits you!!
You die...

#.######.######...##
#.........# ##.##
########..# .. #..#
#..# #..# #####..#
#. #......# #.
#@####.# ###. #W#
#... #o# ###.#. #.#
o.o... #)# ##.#. #.#
#..o #.# ###.
#.###############.
#.......o...o...W.


You could see loom's ghost and an orc.

Vanquished Creatures
  The ghost of resw the Cudgeler, an amateur MiBe of Trog (D:4)
  An orc warrior (D:6)
  A sky beast (Temple)
  Purgy (Sewer)
  An ogre (D:5)
  A phantom (D:5)
  A bullfrog (D:6)
  3 crimson imps (D:5)
  A centaur zombie (D:6)
  5 hounds
  2 orc priests
  A quasit (D:6)
  A centaur skeleton (D:5)
  A gnoll shaman (D:4)
  2 orc wizards (D:6)
  Terence (D:3)
  An iguana (D:4)
  3 worker ants
  A killer bee zombie (D:6)
  A hound zombie (D:5)
  A hound skeleton (D:4)
  9 gnolls
  A howler monkey skeleton (D:4)
  7 adders
  An ooze (D:2)
  An adder zombie (D:5)
  An adder skeleton (D:4)
  2 worms
  8 leopard geckos
  13 orcs
  7 giant cockroaches
  5 goblins
  A hobgoblin (D:1)
  6 jackals
  6 kobolds
  3 quokkas
  4 ball pythons
  7 bats
  10 frilled lizards
  A giant cockroach zombie (D:5)
  8 rats
132 creatures vanquished.

Notes
Turn   | Place    | Note
-------+----------+-------------------------------------------
     0 | D:1      | redy5 the Minotaur Berserker began the quest for the Orb.
     0 | D:1      | Reached XP level 1. HP: 19/19 MP: 0/0
   296 | D:1      | Reached XP level 2. HP: 27/27 MP: 1/1
   305 | D:1      | Reached skill level 4 in Axes
   625 | D:2      | Reached XP level 3. HP: 33/33 MP: 2/2
  1272 | D:2      | Reached ** piety under Trog
  1330 | D:2      | Reached XP level 4. HP: 40/40 MP: 3/3
  1459 | D:2      | Reached skill level 5 in Axes
  1794 | D:3      | Reached XP level 5. HP: 42/47 MP: 4/4
  1927 | D:3      | Noticed Terence
  1937 | D:3      | Killed Terence
  2408 | D:4      | Noticed resw's ghost (amateur MiBe)
  2424 | D:4      | Killed resw's ghost
  2424 | D:4      | Reached skill level 5 in Fighting
  2424 | D:4      | Reached skill level 6 in Axes
  2424 | D:4      | Reached XP level 6. HP: 56/56 MP: 5/5
  2871 | D:4      | Reached skill level 7 in Axes
  2879 | D:4      | Reached skill level 5 in Armour
  2879 | D:4      | Reached XP level 7. HP: 42/62 MP: 6/6
  3002 | D:4      | Found an iron altar of Okawaru.
  3449 | D:5      | Entered Level 5 of the Dungeon
  3480 | D:5      | Found a glowing drain.
  3486 | D:5      | Reached *** piety under Trog
  3498 | Sewer    | Entered a sewer
  3543 | Sewer    | Noticed Purgy
  3551 | Sewer    | Killed Purgy
  3639 | D:5      | Reached skill level 8 in Axes
  4104 | D:5      | Reached XP level 8. HP: 68/71 MP: 7/7
  4684 | D:6      | Reached skill level 9 in Axes
  4956 | D:6      | Found a staircase to the Ecumenical Temple.
  4964 | Temple   | Entered the Ecumenical Temple
  4966 | Temple   | Received a gift from Trog
  5084 | D:6      | Noticed loom's ghost (novice MfBe)
  5116 | D:6      | HP: 1/73 [loom's ghost (16)]
  5186 | D:6      | Reached skill level 10 in Axes
  5196 | D:6      | HP: 2/73 [loom's ghost (21)]
  5197 | D:6      | Demolished by loom's ghost

Skill      XL: |  1  2  3  4  5  6  7  8 |
---------------+-------------------------+-----
Fighting       | 4 5 6 7 |  7.3
Axes           | 4 5 6 7 8 10 | 10.0
Armour         | 3 4 5 6 |  6.9
Dodging        | |  2.2

Action                   |  1- 3 |  4- 6 |  7- 9 || total
-------------------------+-------+-------+-------++-------
Melee: Hand axe          |    66 |   106 |       ||   172
       Headbutt          |    10 |    20 |    37 ||    67
       War axe           |       |       |   188 ||   188
Invok: Berserk           |       |     1 |     2 ||     3
       Trog's Hand       |       |       |     1 ||     1
  Use: Potion            |       |       |     5 ||     5
       Scroll            |       |       |     1 ||     1
  Eat: Bread ration      |       |     2 |     1 ||     3
       Pizza             |       |       |     1 ||     1
       Beef jerky        |       |       |     1 ||     1
Armor: Ring mail         |    11 |       |       ||    11
       Scale mail        |    22 |     7 |       ||    29
       Chain mail        |       |    52 |   133 ||   185
Dodge: Dodged            |    59 |    56 |    84 ||   199
